wizbiz, neutral female human Wizard # ------ #--------- --------- |.....## --------------- #|.......-#### |.......| |....| # |.............-##### #|.......| # |.(.....| |.....#####`|.............| #...)....| ##........| |....| # #|..............###`###|.......| --------- |<...| ###|.............| # --------- ------ #-..............##### #--------------- ####z@#### wizbiz the Thaumaturge Experience level: 7 Strength: 17 Dexterity: 12 Constitution: 14 Intelligence: 18 Wisdom: 11 Charisma: 8 Health: 0(58) Energy: 47(72) Def: 3 Gold: 1586 Moves: 6461 Dungeon seed: rVYIT5GF3YSal8ww Game ID: wizbiz_1526828348 Your Inventory: Coins $ - 1586 gold pieces Weapons a - a blessed +2 quarterstaff (weapon in hands) R - a +0 dagger Armor e - a blessed +0 cloak of magic resistance (being worn) q - an uncursed +0 leather armor (being worn) y - a cursed -2 orcish helm (being worn) N - an uncursed +0 pair of elven boots (being worn) Comestibles m - 2 uncursed tins of lichen S - an uncursed tin of bat meat W - an uncursed tin of spinach Scrolls n - an uncursed scroll of destroy armor Rings c - an uncursed ring of polymorph control d - an uncursed ring of shock resistance (on left hand) I - a cursed ring of stealth (on right hand) Wands b - a wand of enlightenment (0:13) w - a wand of polymorph (0:6) x - a cursed wand of light (0:12) Tools o - a cursed wax candle (0:400) B - 2 uncursed tallow candles (0:200) K - a cursed tallow candle (0:200) L - a cursed tin whistle M - 5 uncursed wax candles (0:400) Gems r - an uncursed worthless piece of black glass Spells and supernatural/magical abilities: Name Level Category Fail Memory a - force bolt 1 attack 0% 68% I - identify 3 divination 86% 68% K - cure sickness 3 healing 86% 100% W - pray for help -- divine ? -- Your skills at the end: Fighting Skills Weapon Skills quarterstaff [Skilled] Spellcasting Skills attack spells [Basic] enchantment spells [Basic] Final Attributes: You were piously aligned. You were shock resistant. You were poison resistant. You were magic-protected. You were telepathic. You were stealthy. You were unlucky. You are dead. Vanquished creatures: a small mimic a human mummy a quivering blob a wolf a leprechaun a gnome king a lizard 2 apes an imp a water nymph a rock piercer a rock mole a pony a yellow light a gnome lord a gnomish wizard a gray ooze an elf zombie a straw golem 6 giant ants 5 floating eyes a kitten a homunculus a rothe 2 orc zombies 3 dwarf zombies a wererat 2 acid blobs 2 coyotes 6 hobbits a large kobold 8 giant rats 3 cave spiders a brown mold 2 yellow molds a red mold 10 gnomes 5 garter snakes a gnome zombie 4 geckos 7 jackals 2 kobolds 2 goblins 4 grid bugs 2 bats 9 lichens a kobold zombie 2 newts 115 creatures vanquished. Voluntary challenges: You used a wielded weapon 84 times, starting on turn 104. You read items or engraved 12 times, starting on turn 2633. You never genocided any monsters. You polymorphed 1 item, starting on turn 5945. You never changed form. You used no wishes. You never split a pudding. You never wrote Elbereth's name. You violated your moral code, losing 28 points of alignment, starting on turn 2274. Dungeon overview: The Dungeons of Doom: levels 1 to 8 Level 1 a long staircase Level 2 a weapon shop Level 3 an altar to Thoth, a fountain, a sink Level 4 stairs to The Gnomish Mines Level 5 a delicatessen, a fountain Level 6 a fountain Level 7 a weapon shop, some fountains Level 8 (stash) <- You were here The Gnomish Mines: levels 5 to 6 Level 5 stairs to The Dungeons of Doom Level 6 History has recorded: On T:1 you entered the Dungeons of Doom to retrieve the Amulet of Yendor! On T:410 you reached level 2 of The Dungeons of Doom. On T:429 you advanced to experience level 2. On T:439 you reached level 3 of The Dungeons of Doom. On T:629 you reached level 4 of The Dungeons of Doom. On T:669 you advanced to experience level 3. On T:1500 you advanced to experience level 4. On T:2037 you reached level 5 of The Dungeons of Doom. On T:2253 you reached level 1 of The Gnomish Mines. On T:2274 you advanced to experience level 5. On T:2290 you reached level 2 of The Gnomish Mines. On T:2829 you advanced to experience level 6. On T:3804 you reached level 6 of The Dungeons of Doom. On T:4872 you reached level 7 of The Dungeons of Doom. On T:5200 you advanced to experience level 7. On T:6142 you reached level 8 of The Dungeons of Doom. Score breakdown: Gold: 1586 (10887 points) Experience: 7 levels (13645 points) Exploration: 8 levels ( 16.67%) (11577 points) Discoveries: 35 items ( 12.15%) (10458 points) Valuables value: (no points given unless you survive) Artifact value: 0 ( 0 points) Variety of kills: 48 monsters ( 12.60%) (10648 points) Turncount: 6461 turns (-1733 points) Survival: died (score multiplied by 80%) Total score: 44385 Latest messages: The yeti hits! (2x) The yeti bites! The yeti hits! (2x) The yeti bites! You displace your housecat. You displace your kitten. You stop. Your housecat is in the way! You displace your housecat. You stop. Your kitten is in the way! You displace your kitten. This door is locked. As you kick the door, it crashes open! You displace your kitten. You finish searching. Where do you want to travel to? You displace your housecat. You displace your kitten. You stop travelling. The zruty hits! (2x) The zruty bites! You write in the dust with your fingers. The zruty hits! You die... Final status: Goodbye wizbiz the Wizard, killed by a zruty... You died in The Dungeons of Doom on dungeon level 8 with 44385 points, and 1586 pieces of gold, after 6461 moves. You were level 7 with a maximum of 58 hit points when you died.